 Dungeon Crawl Stone Soup version 0.30-a0-414-gcb316572d5 (webtiles) character file.

Game seed: 3966134519976639204

9461 Sabo the Basher (level 11, -5/106 HPs)
             Began as a Gargoyle Berserker on Dec 7, 2022.
             Was an Elder of Trog.
             Slain by Snorg (12 damage)
             ... on level 10 of the Dungeon.
             The game lasted 00:55:29 (11411 turns).

Sabo the Basher (Gargoyle Berserker)               Turns: 11411, Time: 00:55:30

Health: -5/106     AC: 27    Str: 25    XL:     11   Next: 46%
Magic:  11/11      EV: 12    Int:  8    God:    Trog [****..]
Gold:   786        SH:  0    Dex:  9    Spells: 10/10 levels left

rFire   . . .      SeeInvis +    b - +2 flail (vorpal)
rCold   . . .      Faith    .    (no shield)
rNeg    + . .      Spirit   .    q - +4 ring mail {Will+}
rPois   ∞          Reflect  .    L - +0 hat
rElec   +          Harm     .    N - +0 cloak
rCorr   .          Rampage  .    t - +2 pair of gloves
Will    +....                    (no boots)
Stlth   ..........               i - amulet of magic regeneration
HPRegen 0.37/turn                H - +4 ring of protection
MPRegen 0.52/turn                d - ring of see invisible

@: berserking, studying Axes, very quick
A: sickness immunity, AC +8, negative energy resistance 1, electricity
resistance, torment resistance 1, petrification resistance
a: Renounce Religion, Berserk, Trog's Hand, Brothers in Arms


You were on level 10 of the Dungeon.
You worshipped Trog.
Trog was greatly pleased with you.
You visited 2 branches of the dungeon, and saw 11 of its levels.
You also visited: Ossuary.

You collected 786 gold pieces.

Inventory:

Hand Weapons
 b - a +2 vorpal flail (weapon)
 n - a +1 flail of protection
 o - a +1 long sword
 E - a +0 war axe of draining
 F - a +0 long sword of electrocution
 G - a +4 spear
Missiles
 m - 3 throwing nets (quivered)
 O - 6 boomerangs
Armour
 q - a +4 ring mail of willpower (worn)
 t - a +2 pair of gloves (worn)
 L - a +0 hat (worn)
 N - a +0 cloak (worn)
Jewellery
 d - a ring of see invisible (right hand)
 i - an amulet of magic regeneration (around neck)
 j - a ring of flight
 k - an amulet of faith
 H - a +4 ring of protection (left hand)
Wands
 a - a wand of charming (12)
 g - a wand of iceblast (10)
 h - a wand of mindburst (8)
 B - a wand of acid (15)
 D - a wand of flame (21)
Scrolls
 e - 2 scrolls of summoning
 l - a scroll of blinking
 v - 2 scrolls of teleportation
 x - 4 scrolls of fog
 y - a scroll of brand weapon
 I - a scroll of enchant weapon
 J - a scroll of poison
 K - a scroll of identify
Potions
 c - a potion of flight {unknown}
 f - 4 potions of mutation
 p - 4 potions of haste
 r - a potion of resistance {unknown}
 s - 4 potions of curing
 u - a potion of ambrosia {unknown}
 w - 3 potions of heal wounds
 z - 2 potions of berserk rage {unknown}
 A - a potion of cancellation
 C - a potion of might
Miscellaneous
 M - a lightning rod (4/4)


   Skills:
 + Level 9.4 Fighting
 + Level 0.1(2.6) Short Blades
 + Level 4.3 Long Blades
 + Level 3.0(7.4) Axes
 + Level 11.6(11.8) Maces & Flails
 + Level 7.7 Armour
 + Level 5.2 Dodging
 + Level 1.9 Stealth


You had 10 spell levels left.
You didn't know any spells.
Your spell library was empty.

Dungeon Overview and Level Annotations

Branches:
Dungeon (10/15)            Temple (0/1) D:7            Lair (1/5) D:9
    Orc (0/2) D:10        Ossuary (visited)

Altars:
Cheibriados
Dithmenos
Fedhas
Gozag
Hepliaklqana
Qazlal
Ru
Sif Muna
Uskayaw
Yredelemnul
The Shining One

Shops:
D:4 (

Annotations:
D:10 Snorg, Urug


Innate Abilities, Weirdness & Mutations

You are immune to sickness and miasma.
Your stone body is resilient. (AC +8)
You are immune to poison.
You resist negative energy. (rN+)
You are resistant to electric shocks. (rElec)
You are resistant to unholy torment.
You are immune to petrification.


Message History

Snorg closely misses you. Snorg claws you but does no damage. x2
You hit Snorg.
Snorg is lightly wounded.
Snorg barely misses you. Snorg claws you! Snorg claws you but does no damage.
You hit Snorg.
Snorg is lightly wounded.
Snorg closely misses you. Snorg claws you but does no damage. x2
You bludgeon Snorg!!
Snorg is moderately wounded.
Snorg completely misses you. Snorg claws you but does no damage.
Snorg misses you. Snorg closely misses you.
Snorg claws you but does no damage. x2
You sock Snorg!
Snorg is moderately wounded.
Snorg bites you! Snorg claws you but does no damage. Snorg closely misses you.
You sock Snorg!
Snorg is heavily wounded.
Snorg barely misses you. Snorg claws you but does no damage.
Snorg barely misses you.
You sock Snorg!
Snorg is heavily wounded.
Snorg bites you. Snorg claws you. Snorg claws you but does no damage.
You bludgeon Snorg!!
Snorg is severely wounded.
Snorg bites you but does no damage. Snorg barely misses you.
Snorg claws you but does no damage.
You thump Snorg!
Snorg is severely wounded.
Snorg bites you but does no damage. Snorg claws you but does no damage.
Snorg closely misses you. Snorg bites you!! Snorg closely misses you. x2
You hit Snorg.
Snorg is almost dead.
Snorg bites you!
* * * LOW HITPOINT WARNING * * *
Snorg claws you but does no damage. Snorg closely misses you.
A red film seems to cover your vision as you go berserk!
You feel yourself moving faster!
You feel mighty! Snorg completely misses you. Snorg claws you!
* * * LOW HITPOINT WARNING * * *
Snorg claws you!
You die...

#. ..# #.. #. #o#
..8 .. #.. #..
.###.# ##. #. . ..#
#. #. #.#.# ## #.
#.#.#####
#.##?..oT@.#
##..###.###.###
...............
######.###.##.#####
#...[÷............#
#.###.<...........#
#.##......###.###.#
#.##.###..# .# #.#
#.##.# #..### # #.#


You could see Snorg (berserk) and Urug.

Vanquished Creatures
  Erolcha (D:9)
  A two-headed ogre (D:10)
  Pikel (D:7)
  Maggie (D:7)
  2 trolls
  A hornet (D:7)
  A wraith (D:7)
  16 yaks
  A shadow (D:9)
  A wyvern (D:8)
  2 steam dragons
  Menkaure (D:4)
  4 vampire mosquitoes (D:9)
  Edmund (D:4)
  Duvessa (D:4)
  A water moccasin (D:5)
  2 black bears
  3 orc warriors
  A sky beast (D:7)
  A lemure (D:7)
  3 phantoms
  5 bullfrogs
  2 gnoll sergeants
  A necrophage (D:7)
  3 scorpions
  5 wights
  Dowan (D:4)
  4 killer bees (D:9)
  2 centaur zombies (Ossuary)
  A jelly (D:6)
  2 hounds
  A human zombie (Ossuary)
  3 gnoll boudas
  2 orc priests (D:6)
  3 iguanas
  8 orc wizards
  Terence (D:3)
  5 mummies (Ossuary)
  7 adders
  21 gnolls
  An ufetubus (D:4)
  A worm (D:5)
  6 dart slugs
  25 orcs
  4 bats
  4 endoplasms
  4 giant cockroaches
  8 goblins
  5 hobgoblins
  8 jackals
  5 quokkas
  7 ball pythons
  A goblin zombie (Ossuary)
  2 hobgoblin zombies (Ossuary)
  4 kobolds
  A kobold zombie (Ossuary)
  An orc zombie (Ossuary)
  6 rats
216 creatures vanquished.

Vanquished Creatures (others)
  A quokka (D:5)
  A fungus (D:1)
2 creatures vanquished.

Grand Total: 218 creatures vanquished

Notes
Turn   | Place    | Note
-------+----------+-------------------------------------------
     0 | D:1      | Sabo the Gargoyle Berserker began the quest for the Orb.
     0 | D:1      | Reached XP level 1. HP: 14/14 MP: 1/1
   180 | D:1      | Reached XP level 2. HP: 15/19 MP: 2/2
  1150 | D:1      | Reached XP level 3. HP: 21/24 MP: 3/3
  1412 | D:2      | Reached ** piety under Trog
  1864 | D:2      | Reached skill level 1 in Long Blades
  2106 | D:3      | Noticed Terence
  2119 | D:3      | Killed Terence
  2120 | D:3      | Reached XP level 4. HP: 29/29 MP: 4/4
  2378 | D:3      | Reached XP level 5. HP: 13/33 MP: 5/5
  2981 | D:4      | Reached XP level 6. HP: 36/39 MP: 6/6
  3012 | D:4      | Noticed Dowan
  3013 | D:4      | Noticed Duvessa
  3021 | D:4      | Killed Duvessa
  3022 | D:4      | Reached skill level 1 in Maces & Flails
  3025 | D:4      | Killed Dowan
  3106 | D:4      | Reached XP level 7. HP: 41/44 MP: 7/7
  3153 | D:4      | Found Pobreonk's Weapon Emporium.
  3166 | D:4      | Reached skill level 5 in Fighting
  3166 | D:4      | Reached skill level 2 in Maces & Flails
  3191 | D:4      | Noticed Menkaure
  3197 | D:4      | Killed Menkaure
  3665 | D:4      | Noticed Edmund
  3684 | D:4      | Killed Edmund
  3685 | D:4      | Reached skill level 3 in Maces & Flails
  4079 | D:5      | Entered Level 5 of the Dungeon
  4091 | D:5      | Reached XP level 8. HP: 50/50 MP: 8/8
  4454 | D:5      | Reached *** piety under Trog
  4460 | D:5      | Reached skill level 5 in Armour
  4611 | D:5      | Reached skill level 4 in Maces & Flails
  5212 | D:6      | Reached skill level 5 in Maces & Flails
  5579 | D:6      | Reached skill level 6 in Maces & Flails
  5819 | D:6      | Reached XP level 9. HP: 54/56 MP: 9/9
  5893 | D:6      | Found an opulent altar of Gozag.
  5968 | D:6      | Reached skill level 7 in Maces & Flails
  6556 | D:7      | Found a staircase to the Ecumenical Temple.
  6596 | D:7      | Noticed a hornet
  6610 | D:7      | Reached skill level 8 in Maces & Flails
  6614 | D:7      | Killed a hornet
  6615 | D:7      | Reached skill level 1 in Stealth
  6743 | D:7      | Found a sand-covered staircase.
  6748 | Ossuary  | Entered an ossuary
  6821 | Ossuary  | Reached **** piety under Trog
  7053 | D:7      | Noticed Pikel
  7069 | D:7      | Killed Pikel
  7070 | D:7      | Reached skill level 9 in Maces & Flails
  7070 | D:7      | Reached XP level 10. HP: 30/63 MP: 10/10
  8118 | D:7      | Noticed Maggie
  8140 | D:7      | Killed Maggie
  8315 | D:7      | Found a stormy altar of Qazlal.
  8317 | D:7      | Found a basalt altar of Yredelemnul.
  8909 | D:8      | Reached skill level 10 in Maces & Flails
  9721 | D:9      | Found a staircase to the Lair.
  9756 | D:9      | Noticed Erolcha
  9770 | D:9      | Killed Erolcha
  9771 | D:9      | Reached XP level 11. HP: 47/69 MP: 11/11
  9772 | D:9      | Found a shimmering blue altar of Sif Muna.
  9775 | D:9      | Found a blossoming altar of Fedhas.
 10045 | D:9      | Found a glowing golden altar of the Shining One.
 10045 | D:9      | Found a sacrificial altar of Ru.
 10047 | D:9      | Found a shadowy altar of Dithmenos.
 10047 | D:9      | Found a snail-covered altar of Cheibriados.
 10048 | D:9      | Found a hazy altar of Hepliaklqana.
 10411 | Lair:1   | Entered Level 1 of the Lair of Beasts
 10420 | D:10     | Entered Level 10 of the Dungeon
 10467 | D:10     | Noticed a two-headed ogre
 10488 | D:10     | Killed a two-headed ogre
 10489 | D:10     | Reached skill level 11 in Maces & Flails
 10489 | D:10     | Reached skill level 5 in Dodging
 10602 | D:10     | Found a staircase to the Orcish Mines.
 10789 | D:10     | Found a hide-covered altar of Uskayaw.
 11395 | D:10     | Noticed Snorg
 11397 | D:10     | Noticed Urug
 11411 | D:10     | Slain by Snorg

Illustrated notes

Levels and vault maps discovered:
D:1:      tarquinn_simple_flora_water_d, layout_loops_corners
D:2:      layout_rooms
D:3:      layout_rooms, uniq_terence
D:4:      layout_cave_pools, serial_shops, shop, minmay_manual_mess,
          uniq_menkaure, uniq_edmund, uniq_duvessa
D:5:      layout_loops_ring, grunt_decor_one_mirror, lemuel_flame_loot_1
D:6:      layout_loops_ring, grunt_gozag_statues
D:7:      layout_layer_cave, chequers_temple_overflow_statue_of_worship,
          minmay_temple_entry_drinking_statues, enter_ossuary_2, uniq_maggie,
          uniq_pikel
D:8:      layout_loops_ring
D:9:      layout_basic, grunt_temple_overflow_open, lair_entry_dummy,
          uniq_erolcha
D:10:     layout_loops_ring, mainiacjoe_overflow_alcove_4, david_orc_2,
          uniq_urug, uniq_snorg
Lair:1:   layout_long_grid, grunt_megastairs_3, lemuel_fruit_tree, uniq_amaemon

Skill      XL: |  1  2  3  4  5  6  7  8  9 10 11 |
---------------+----------------------------------+-----
Axes           | 3 |  3.0
Long Blades    | 1 2 3 4 |  4.3
Fighting       | 4 5 6 7 8 9 |  9.4
Dodging        | 2 3 4 5 |  5.2
Armour         | 3 4 5 6 7 |  7.7
Maces & Flails | 1 3 6 9 10 11 | 11.6
Stealth        | 1 |  1.9
Short Blades   | |  0.1

Action                   |  1- 3 |  4- 6 |  7- 9 | 10-12 || total
-------------------------+-------+-------+-------+-------++-------
Melee: Hand axe          |    21 |       |       |       ||    21
       Dagger            |    30 |       |       |       ||    30
       Short sword       |    50 |       |       |       ||    50
       Punch             |     5 |     2 |     5 |     4 ||    16
       Long sword        |    50 |    85 |       |       ||   135
       Flail             |       |    36 |   349 |   349 ||   734
Invok: Berserk           |     1 |     1 |     4 |     4 ||    10
  Use: Scroll            |     9 |     3 |    10 |     5 ||    27
       Potion            |       |       |     2 |       ||     2
Armor: Animal skin       |     3 |       |       |       ||     3
       Leather armour    |    14 |       |       |       ||    14
       Ring mail         |    75 |       |   199 |   188 ||   462
       Plate armour      |     1 |    98 |    34 |       ||   133
Dodge: Dodged            |   111 |    42 |   236 |   215 ||   604

Table legend: (Time is in decaauts)
 A = Elapsed time spent in this place.
 B = Non-inter-level travel time spent in this place.
 C = Inter-level travel time spent in this place.
 D = Time resting spent in this place.
 E = Time spent auto-exploring this place.
 F = Levels seen in this place.
 G = Mean time per level.
                   A        B        C        D        E       F      G
               +--------+--------+--------+--------+--------+-----+--------+
         Total |  11526 |  11526 |      0 |   3007 |      0 |  12 |  960.5 |
       Dungeon |  11222 |  11222 |      0 |   2966 |      0 |  10 | 1122.2 |
          Lair |      3 |      3 |      0 |      0 |      0 |   1 |    3.0 |
       Ossuary |    300 |    300 |      0 |     41 |      0 |   1 |  300.0 |
               +--------+--------+--------+--------+--------+-----+--------+

Top non-repeatable levels by time:
     D:7: 1761 daAuts
     D:6: 1447 daAuts
     D:1: 1397 daAuts
     D:4: 1267 daAuts
     D:5: 1014 daAuts
     D:9: 1011 daAuts
    D:10: 989 daAuts
     D:3: 841 daAuts
     D:8: 827 daAuts
     D:2: 664 daAuts
 Ossuary: 300 daAuts
  Lair:1: 3 daAuts
